 Dungeon Crawl Stone Soup version 0.22-a0-161-g198051cff3 (webtiles) character file.

6959 MrRokkomies the Spear-Bearer (level 11, -15/77 HPs)
             Began as a Barachi Gladiator on Feb 11, 2018.
             Was an Elder of Cheibriados.
             Demolished by a two-headed ogre
             ... wielding a +0 giant club
              (16 damage)
             ... on level 10 of the Dungeon.
             The game lasted 00:33:26 (11375 turns).

MrRokkomies the Spear-Bearer (Barachi Gladiator)   Turns: 11375, Time: 00:33:26

Health: -15/77     AC: 14    Str: 24    XL:     11   Next: 7%
Magic:  13/13      EV: 11    Int: 22    God:    Cheibriados [****..]
Gold:   488        SH:  0    Dex: 25    Spells: 10/10 levels left

rFire    + + .     SeeInvis .   a - +2 halberd (flame)
rCold    . . .     Gourm    .   (shield currently unavailable)
rNeg     . . .     Faith    +   v - +0 chain mail
rPois    .         Spirit   .   i - +1 helmet
rElec    .         Reflect  .   (no cloak)
rCorr    .         Harm     .   (no gloves)
MR       .....                  (no boots)
Stlth    ..........             d - amulet of faith
HPRegen  0.22/turn              q - ring of protection from fire
MPRegen  0.13/turn              C - ring "Iczaschiom" {rF+ Dex+3}

@: can't hop, very slow
A: +LOS, swims, slowness 1, strong legs 1
a: Hop, Bend Time, Temporal Distortion, Slouch, Renounce Religion


You were on level 10 of the Dungeon.
You worshipped Cheibriados.
Cheibriados was greatly pleased with you.
You were not hungry.

You visited 2 branches of the dungeon, and saw 11 of its levels.

You collected 488 gold pieces.

Inventory:

Hand Weapons
 a - a +2 halberd of flaming (weapon)
 b - a +0 hunting sling
 G - a +1 longbow of freezing
Missiles
 k - 11 sling bullets
 t - 296 stones (quivered)
Armour
 i - a +1 helmet (worn)
 v - a +0 chain mail (worn)
 x - a +0 plate armour
Jewellery
 d - an amulet of faith (around neck)
 q - a ring of protection from fire (left hand)
 C - the ring "Iczaschiom" (right hand) {rF+ Dex+3}
   (You took it off an orc on level 8 of the Dungeon)

   [ring of protection from fire]

   It affects your dexterity (+3).
   It protects you from fire.
 E - an uncursed amulet of magic regeneration
Wands
 h - a wand of flame (16)
 o - a wand of acid (3)
 F - a wand of paralysis (17)
Scrolls
 c - 2 scrolls of fog
 e - 3 scrolls of magic mapping
 r - a scroll of remove curse
 u - a scroll of immolation
 y - a scroll of enchant armour
 z - 2 scrolls of amnesia
Potions
 g - 4 potions of curing
 j - a potion of mutation {unknown}
 l - a potion of lignification {unknown}
 m - 3 potions of heal wounds {unknown}
 n - 2 potions of resistance {unknown}
 p - 2 potions of brilliance
 s - 2 potions of flight
 w - a potion of degeneration {unknown}
 A - a potion of cancellation {unknown}
Comestibles
 f - 17 rations


   Skills:
 - Level 4.0 Fighting
 * Level 11.9 Polearms
 - Level 5.0(5.2) Slings
 - Level 2.0(3.7) Throwing
 - Level 10.9 Armour
 - Level 3.2 Dodging
 * Level 3.5 Invocations


You had 10 spell levels left.
You didn't know any spells.

Dungeon Overview and Level Annotations

Branches:
Dungeon (10/15)            Temple (1/1) D:7            Lair (0/6) D:10
    Orc: D:9-12

Altars:
Ashenzari
Cheibriados
Dithmenos
Elyvilon
Fedhas
Gozag
Hepliaklqana
Kikubaaqudgha
Makhleb
Nemelex Xobeh
Okawaru
Qazlal
Ru
Sif Muna
Trog
Vehumet
Wu Jian
Xom
Yredelemnul
Zin
The Shining One

Shops:
D:4 (

Annotations:
D:9 2 transporters, exclusion: orange crystal statue


Innate Abilities, Weirdness & Mutations

Shadows flee at your approach. (+LOS)
You can swim through water.
You cover ground slowly.
You can hop short distances.


Message History

Okay, then.
Unknown command.
Unknown command.
Unknown command.
Okay, then.
Unknown command.
Unknown command.
You feel better.
The crimson imp blinks!
Evoke which item? (* to show all) (? for menu, Esc to quit)
Aiming: Paralyse
Press: ? - help, Shift-Dir - straight line, f - two-headed ogre
Aim: a two-headed ogre, wielding a giant club and a giant spiked club (chance to defeat MR: 28%)
The two-headed ogre easily resists.
The two-headed ogre hits you with a giant club!
The two-headed ogre misses you. The crimson imp closely misses you.
Your chain mail prevents you from hitting the two-headed ogre.
The two-headed ogre hits you with a giant club!!
* * * LOW HITPOINT WARNING * * *
The two-headed ogre hits you with a giant spiked club!
You die...

####.#.!?......O. #≈
....#....#....# . #.
#............# .. #≈
####....##......# ... #.
#.......##......# .... ##≈ #.#
#..........(# ..... # #.. #.#
#.#....######....######.#.≈ #.#
#.......§O..............#..
###.###..#..####@##.... ........
...............5.................
##)#############.#############...
.#)# ... #.#...........#... .#)#
#.# #.#.####.####.#..≈ .#.# #.#
#.# #.#....#... ##.####.#.# #.#
#=#.####... ........#.# ...
#.#........
#########.#############.######...


You could see a two-headed ogre and a crimson imp.

Vanquished Creatures
  2 two-headed ogres
  Psyche (D:10)
  A troll (D:10)
  A hippogriff (D:7)
  2 wyverns (D:7)
  A spriggan (D:7)
  Sigmund (D:3)
  Edmund (D:4)
  An ice beast (D:6)
  2 black bears (D:7)
  2 orc warriors
  2 sky beasts
  5 ogres
  A necrophage (D:8)
  2 phantoms
  A centaur (D:6)
  A crocodile (D:10)
  9 bullfrogs
  2 scorpions
  3 wights (D:8)
  3 killer bees
  7 electric eels (D:10)
  8 howler monkeys
  5 crimson imps
  3 centaur skeletons
  A hound (D:9)
  2 jellies
  A bullfrog skeleton (D:6)
  5 orc priests
  11 orc wizards
  2 iguanas (D:5)
  4 worker ants
  A killer bee zombie (D:7)
  2 hound zombies
  A hound skeleton (D:9)
  2 worker ant zombies
  Robin (D:2)
  11 adders
  3 shadow imps
  An adder skeleton (D:4)
  A worm (D:4)
  A dart slug (D:2)
  6 leopard geckos
  46 orcs
  7 giant cockroaches
  11 goblins
  11 hobgoblins
  10 jackals
  2 kobolds
  2 quokkas
  2 ball pythons
  7 bats
  4 frilled lizards
  A jackal zombie (D:7)
  4 rats
  A spectral orc (D:4)
231 creatures vanquished.

Notes
Turn   | Place    | Note
-------+----------+-------------------------------------------
     0 | D:1      | MrRokkomies the Barachi Gladiator began the quest for the Orb.
     0 | D:1      | Reached XP level 1. HP: 17/17 MP: 1/1
   218 | D:1      | Reached XP level 2. HP: 23/23 MP: 2/2
   762 | D:2      | Reached XP level 3. HP: 24/29 MP: 3/3
  1200 | D:2      | Reached XP level 4. HP: 37/37 MP: 4/4
  1201 | D:2      | Noticed Robin
  1224 | D:2      | Reached skill level 4 in Polearms
  1237 | D:2      | Killed Robin
  1625 | D:3      | Reached skill level 1 in Slings
  1641 | D:3      | Noticed Sigmund
  1650 | D:3      | Killed Sigmund
  1650 | D:3      | Reached skill level 5 in Polearms
  1650 | D:3      | Reached XP level 5. HP: 42/42 MP: 5/5
  1650 | D:3      | Reached XP level 6. HP: 48/48 MP: 6/6
  2291 | D:4      | Found a basalt altar of Yredelemnul.
  2754 | D:4      | Reached XP level 7. HP: 38/54 MP: 7/7
  2850 | D:4      | Reached skill level 6 in Polearms
  3095 | D:4      | Reached skill level 5 in Slings
  3288 | D:4      | Noticed Edmund
  3309 | D:4      | Killed Edmund
  3309 | D:4      | Reached XP level 8. HP: 60/60 MP: 8/8
  3325 | D:4      | Found Sinuhe's Antique Weapon Shop.
  3613 | D:4      | Found a stormy altar of Qazlal.
  3800 | D:4      | Found a white marble altar of Elyvilon.
  3894 | D:5      | Entered Level 5 of the Dungeon
  3906 | D:5      | Reached skill level 7 in Polearms
  5407 | D:6      | Reached skill level 8 in Polearms
  5407 | D:6      | Reached skill level 5 in Armour
  5598 | D:6      | Reached XP level 9. HP: 32/65 MP: 9/9
  6314 | D:7      | Found a staircase to the Ecumenical Temple.
  6329 | D:7      | Reached skill level 9 in Polearms
  6337 | Temple   | Entered the Ecumenical Temple
  6350 | Temple   | Became a worshipper of Cheibriados the Contemplative
  6837 | D:7      | Reached * piety under Cheibriados
  7248 | D:7      | Identified a scroll of acquirement
  7345 | D:8      | Found a bloodstained altar of Trog.
  7373 | D:7      | Reached skill level 10 in Polearms
  7509 | D:7      | Reached XP level 10. HP: 69/71 MP: 10/10
  7757 | D:8      | Reached ** piety under Cheibriados
  7973 | D:8      | Got a slimy silver ring
  7974 | D:8      | Identified the ring "Iczaschiom" {rF+ Dex+3} (You took it off an orc on level 8 of the Dungeon)
  8057 | D:8      | Found an ancient bone altar of Kikubaaqudgha.
  8058 | D:8      | Found a radiant altar of Vehumet.
  8058 | D:8      | Found a hazy altar of Hepliaklqana.
  8058 | D:8      | Found a sparkling altar of Nemelex Xobeh.
  8058 | D:8      | Found a shattered altar of Ashenzari.
  8058 | D:8      | Found a glowing golden altar of the Shining One.
  8336 | D:9      | Noticed a two-headed ogre
  8345 | D:9      | Killed a two-headed ogre
  8345 | D:9      | Reached skill level 10 in Armour
  8373 | D:9      | Reached skill level 11 in Polearms
  8487 | D:9      | Noticed a tengu warrior
  8490 | D:9      | Noticed an orange crystal statue
  8500 | D:9      | Found a transporter.
  8504 | D:9      | Noticed an orb spider
  8573 | D:9      | Reached *** piety under Cheibriados
  8861 | D:9      | Found a transporter.
  9650 | D:9      | Noticed a lindwurm
  9653 | D:9      | Noticed an orb spider
  9654 | D:9      | an orb spider changed into a black bear
  9900 | D:10     | Entered Level 10 of the Dungeon
  9910 | D:10     | Noticed a two-headed ogre
  9916 | D:10     | Killed a two-headed ogre
 10273 | D:10     | Reached **** piety under Cheibriados
 11083 | D:10     | Found a staircase to the Lair.
 11221 | D:10     | Noticed Psyche
 11235 | D:10     | Killed Psyche
 11235 | D:10     | Reached XP level 11. HP: 55/77 MP: 13/13
 11363 | D:10     | Noticed a two-headed ogre
 11375 | D:10     | HP: 1/77 [two-headed ogre/giant club (24)]
 11375 | D:10     | Demolished by a two-headed ogre

Vault maps used:
D:1:      roderic_octagonal_star, minmay_stone_trees_small
D:2:      uniq_robin
D:3:      bh_chokoban, uniq_sigmund
D:4:      minmay_wonky_spiral, nicolae_qazlal_eye_of_the_storm,
          yredelemnul_forgotten_temple_becter, first_ration, serial_shops,
          nicolae_shop_trees, grunt_ministairs_14, elyvilon_altar_4, uniq_edmund
D:6:      eino_tiny_chamber, minmay_misc_feat_five
D:7:      minmay_temple_entry_trees, the_bakery
D:8:      grunt_temple_overflow_open, trog_ov_bears_minmay
D:9:      gammafunk_sealed_arena, serial_column_ruins,
          column_ruins_columns_dead_end, column_ruins_open_medium,
          column_ruins_corridor_T, column_ruins_columns_straight,
          column_ruins_open_tiny, stair_cage_line
D:10:     minmay_cut_squares, serial_shops, shop, roderic_lattice_a,
          kennysheep_boxes, uniq_snorg, uniq_psyche
Temple:   cyrus_circular_temple

Skill      XL: |  1  2  3  4  5  6  7  8  9 10 |
---------------+-------------------------------+-----
Fighting       | 3 4 |  4.0
Polearms       | 5 6 8 10 11 | 11.9
Slings         | 2 4 5 |  5.0
Armour         | 2 6 9 10 | 10.9
Invocations    | 3 |  3.5
Throwing       | |  2.0
Dodging        | |  3.2

Action                   |  1- 3 |  4- 6 |  7- 9 | 10-12 || total
-------------------------+-------+-------+-------+-------++-------
Melee: Trident           |    74 |   147 |   500 |       ||   721
       Halberd           |       |       |    19 |   205 ||   224
 Fire: Hunting sling     |     7 |     6 |    45 |    76 ||   134
Throw: Throwing net      |       |       |     3 |     2 ||     5
 Abil: Hop               |       |     1 |     2 |     1 ||     4
       Evoke Berserk Rag |       |       |     2 |       ||     2
Evoke: Wand              |       |       |     4 |     4 ||     8
  Use: Scroll            |     4 |     3 |     7 |     3 ||    17
       Potion            |       |     3 |       |     1 ||     4
 Stab: Sleeping          |     1 |       |       |       ||     1
       Held in net/web   |       |       |     1 |     2 ||     3
       Invisible         |       |       |       |     1 ||     1
  Eat: Chunk             |     1 |     5 |     9 |     3 ||    18
       Ration            |       |       |     3 |     1 ||     4
Armor: Leather armour    |     1 |       |       |       ||     1
       Ring mail         |    17 |    33 |    13 |       ||    63
       Chain mail        |       |       |   251 |    87 ||   338
Dodge: Dodged            |    42 |    79 |   213 |   104 ||   438

Table legend:
 A = Spawn XP
 B = Non-spawn XP
 C = Spawn XP percentage of total XP
 D = Spawn monster count
 E = Non-spawn monster count
 F = Spawn count percentage of total count
 G = Total turns spent on level
                    A         B        C        D         E        F      G
               +---------+---------+-------+---------+---------+-------+---------
         Total |       0 |    9942 |   0.0 |       0 |     231 |   0.0 | 11375
               +---------+---------+-------+---------+---------+-------+---------
           D:1 |       0 |      24 |   0.0 |       0 |      15 |   0.0 |   743
           D:2 |       0 |      94 |   0.0 |       0 |      26 |   0.0 |   875
           D:3 |       0 |     264 |   0.0 |       0 |      17 |   0.0 |   695
           D:4 |       0 |     894 |   0.0 |       0 |      33 |   0.0 |  1664
           D:5 |       0 |     405 |   0.0 |       0 |      15 |   0.0 |  1362
           D:6 |       0 |    1001 |   0.0 |       0 |      16 |   0.0 |  1177
           D:7 |       0 |    2058 |   0.0 |       0 |      32 |   0.0 |  1258
           D:8 |       0 |     964 |   0.0 |       0 |      21 |   0.0 |   747
           D:9 |       0 |    2086 |   0.0 |       0 |      39 |   0.0 |  1666
          D:10 |       0 |    2152 |   0.0 |       0 |      17 |   0.0 |  1161
               +---------+---------+-------+---------+---------+-------+---------
